[Event "Titled Tuesday Blitz December 20 Late 2022"]
[White "Goltsev, Dmitry"]
[Black "Hirneise, Jens"]
[WhiteFideId "24176710"]
[BlackFideId "24614734"]
[WhiteElo "2327"]
[BlackElo "2345"]
[Result "1/2-1/2"]
[Round "03"]
[TimeControl "180+1"]
[Date "2022.12.21"]
[WhiteClock "0:00:30"]
[BlackClock "0:00:07"]

1. e4 c5 2. Nf3 a6 3. c4 Nc6 4. Nc3 e5 5. Nd5 d6 6. d3 Nce7 7. Be2 Nxd5 8. exd5 g6 9. O-O Bg7 10. a3 Ne7 11. Rb1 O-O 12. b4 b6 13. bxc5 bxc5 14. Qb3 Bd7 15. Bd2 Rb8 16. Qc2 Qc7 17. Bc3 h6 18. Qd2 f5 19. Ba5 Qa7 20. Qc2 g5 21. Nd2 Ng6 22. g3 g4 23. Rxb8 Rxb8 24. Rb1 Bf6 25. Rb3 Kg7 26. Qb1 Rxb3 27. Qxb3 h5 28. Qb6 Qxb6 29. Bxb6 Ba4 30. Kf1 Kf8 31. Ke1 Ke8 32. Bd1 Bxd1 33. Kxd1 h4 34. Nb3 hxg3 35. hxg3 f4 36. Ke2 Ne7 37. a4 Nf5 38. gxf4 exf4 39. Na5 Nd4+ 40. Kf1 Kd7 41. Nb7 f3 42. Bxc5 dxc5 43. Nxc5+ Kc7 44. Nxa6+ Kb6 45. Nb8 Ka5 46. c5 Kxa4 47. c6 Nb5 48. Nd7 Be7 49. Ne5 Kb4 50. c7 Nxc7 51. Nc6+ Kc3 52. Nxe7 Kxd3 53. d6 Ne6 54. d7 Ke4 55. Kg1 Kf4 56. Kh2 Nd8 57. Nd5+ Ke5 58. Nb6 Kf4 59. Nc4 g3+ 60. fxg3+ Ke4 61. Kg1 Kd5 62. Ne3+ Ke6 63. Kf2 Kxd7 64. Kxf3 Ke6 65. Ke4 Nf7 66. Ng2 Kf6 67. Kf4 Ne5 68. Ne3 Ng6+ 69. Kg4 Ne5+ 70. Kh5 Nf3 71. g4 Ke5 72. Ng2 Kf6 73. Kh6 Ke5 74. Kg6 Ke6 75. Kg7 Ke5 76. Kf7 Ng5+ 77. Kg6 Nf3 78. Kh5 Ke6 79. Ne3 Ke5 80. Nf5 Kf4 81. Nh4 Ne5 82. g5 Ke4 83. Ng2 Kf5 84. Ne3+ Ke6 85. Ng4 Nxg4 86. Kxg4 Kf7 87. Kf5 Kg7 88. g6 Kg8 89. Kg5 Kg7 90. Kh5 Kg8 91. Kh6 Kh8 92. g7+ Kg8 93. Kg6 1/2-1/2


[Site "https://www.chess.com"]

[Event "Titled Tuesday Blitz December 20 Late 2022"]
[White "Gonzalez, Francisco Silva"]
[Black "Andrews, Todd"]
[WhiteFideId "1512285"]
[BlackFideId "2012456"]
[WhiteElo "2220"]
[BlackElo "2320"]
[Result "0-1"]
[Round "03"]
[TimeControl "180+1"]
[Date "2022.12.21"]
[WhiteClock "0:00:55"]
[BlackClock "0:01:05"]

1. d4 Nf6 2. c4 c5 3. d5 b5 4. cxb5 a6 5. b6 e6 6. Nc3 Nxd5 7. Nxd5 exd5 8. Qxd5 Nc6 9. Nf3 Rb8 10. e4 Be7 11. Bc4 O-O 12. O-O Rxb6 13. b3 d6 14. Ng5 Qe8 15. Qd1 h6 16. Nf3 Bf6 17. Bf4 Bxa1 18. Qxa1 Qxe4 19. Bxd6 Rd8 20. Bxc5 Rb8 21. Re1 Qg6 22. Ne5 Nxe5 23. Qxe5 Bb7 24. Qg3 Qxg3 25. hxg3 Re8 26. Rc1 Rbd8 27. Be3 Rxe3 28. fxe3 Rd2 29. Bf1 Rxa2 30. Rc7 Bd5 31. Rd7 Bxb3 32. e4 a5 33. Ra7 a4 34. Bb5 a3 35. Bd7 Ra1+ 36. Kf2 g6 37. Rb7 a2 38. Rxb3 Rf1+ 39. Ke2 a1=Q 40. Rb8+ Kg7 41. Bc6 Qd1+ 42. Ke3 Re1+ 43. Kf4 Qd6+ 44. e5 Qxe5+ 45. Kf3 Qf5# 0-1


[Site "https://www.chess.com"]

[Event "Titled Tuesday Blitz December 20 Late 2022"]
[White "Goryachkina, Aleksandra"]
[Black "Van Foreest, Jorden"]
[WhiteFideId "4147103"]
[BlackFideId "1039784"]
[WhiteElo "2484"]
[BlackElo "2663"]
[Result "0-1"]
[Round "03"]
[TimeControl "180+1"]
[Date "2022.12.20"]
[WhiteClock "0:00:01"]
[BlackClock "0:02:23"]

1. Nf3 g6 2. g3 Bg7 3. d4 Nf6 4. Bg2 d6 5. c4 O-O 6. O-O Re8 7. Nc3 Bd7 8. Re1 e5 9. e4 Nc6 10. d5 Nd4 11. h3 a5 12. Be3 Nxf3+ 13. Qxf3 Rf8 14. c5 Ne8 15. cxd6 Nxd6 16. Bc5 b6 17. Bxd6 cxd6 18. Qe2 Rc8 19. Nb5 Rc5 20. a4 Bxb5 21. axb5 Qd7 22. Rac1 Rfc8 23. Rxc5 Rxc5 24. Bf1 Bh6 25. Qd3 Qc7 26. Kg2 Rc2 27. Re2 Rc1 28. h4 Qc5 29. h5 Kg7 30. hxg6 hxg6 31. Qf3 Qxb5 32. Re1 Qxb2 0-1


[Site "https://www.chess.com"]

[Event "Titled Tuesday Blitz December 20 Late 2022"]
[White "Grigoriants, Sergey"]
[Black "Araujo Sanchez, Josue"]
[WhiteFideId "4130804"]
[BlackFideId "6416896"]
[WhiteElo "2502"]
[BlackElo "2370"]
[Result "0-1"]
[Round "03"]
[TimeControl "180+1"]
[Date "2022.12.21"]
[WhiteClock "0:00:02"]
[BlackClock "0:01:08"]

1. d4 d5 2. c4 dxc4 3. e3 Nf6 4. Bxc4 e6 5. Nf3 a6 6. O-O c5 7. Bb3 Nc6 8. Nc3 Be7 9. Qe2 cxd4 10. Rd1 O-O 11. exd4 Nb4 12. Ne5 Bd7 13. Bf4 Bc6 14. Nxc6 bxc6 15. Be5 a5 16. Rac1 Nbd5 17. h3 Rc8 18. Bg3 Re8 19. Na4 Bd6 20. Be5 Bf8 21. Bc4 Nd7 22. Ba6 Nxe5 23. Bxc8 Ng6 24. Bb7 Qg5 25. Qg4 Qh6 26. Bxc6 Rc8 27. Rc4 Nf6 28. Qg3 Nf4 29. Nc3 Bd6 30. Qf3 g5 31. d5 e5 32. Nb5 e4 33. Rxe4 Nxe4 34. Qxe4 Rd8 35. Nxd6 Qxd6 36. Qf5 h6 37. Re1 Kg7 38. h4 gxh4 39. Re4 Ng6 40. a3 Rb8 41. b4 axb4 42. axb4 Rxb4 43. Rxb4 Qxb4 44. Kh2 Qd4 45. g3 hxg3+ 46. fxg3 Ne5 47. Qf4 Qb2+ 48. Kh3 Qa1 0-1


[Site "https://www.chess.com"]

[Event "Titled Tuesday Blitz December 20 Late 2022"]
[White "Gritsenko, Nikolai"]
[Black "Bach, Matthias"]
[WhiteFideId "14112493"]
[BlackFideId "4603168"]
[WhiteElo "2389"]
[BlackElo "2165"]
[Result "1-0"]
[Round "03"]
[TimeControl "180+1"]
[Date "2022.12.21"]
[WhiteClock "0:00:21"]
[BlackClock "0:00:37"]

1. e4 e5 2. Nf3 Nc6 3. c3 f5 4. d4 fxe4 5. Nxe5 Nxe5 6. dxe5 d5 7. exd6 Bxd6 8. Bc4 Nf6 9. O-O Qe7 10. Bg5 Be6 11. Bxe6 Qxe6 12. Bxf6 Qxf6 13. Qa4+ Kf7 14. Qxe4 Rhe8 15. Qc4+ Kf8 16. Nd2 Re5 17. Rae1 Rae8 18. Nf3 Rxe1 19. Rxe1 Rxe1+ 20. Nxe1 Bxh2+ 21. Kxh2 Qe5+ 22. Kh3 Qxe1 23. Qxc7 Qxf2 24. Qb8+ Kf7 25. Qxb7+ Kg6 26. Qe4+ Kg5 27. Qg4+ Kf6 28. Qh4+ Qxh4+ 29. Kxh4 Ke5 30. c4 Kd4 31. b3 a5 32. Kg5 Kc5 33. Kf5 Kb4 34. Ke6 a4 35. Kf7 1-0


[Site "https://www.chess.com"]

[Event "Titled Tuesday Blitz December 20 Late 2022"]
[White "Gubajdullin, Alexei"]
[Black "Ter-Sahakyan, Samvel"]
[WhiteFideId "4141202"]
[BlackFideId "13302531"]
[WhiteElo "2251"]
[BlackElo "2585"]
[Result "0-1"]
[Round "03"]
[TimeControl "180+1"]
[Date "2022.12.20"]
[WhiteClock "0:00:00"]
[BlackClock "0:00:08"]

1. d4 Nf6 2. Nf3 d5 3. Bf4 c5 4. e3 Nc6 5. Nbd2 Bg4 6. c3 e6 7. Qb3 Qc8 8. Ne5 a6 9. Nxg4 Nxg4 10. Be2 Nf6 11. dxc5 Bxc5 12. O-O O-O 13. c4 d4 14. Nf3 dxe3 15. Bxe3 Na5 16. Qc3 Bxe3 17. fxe3 Nc6 18. b4 Qc7 19. b5 Ne7 20. Qe5 Qxe5 21. Nxe5 axb5 22. cxb5 Ned5 23. Rfc1 Nxe3 24. Rc7 Rab8 25. a4 Ned5 26. Rc4 Ra8 27. a5 Ra7 28. a6 bxa6 29. bxa6 g6 30. Nc6 Rc7 31. a7 Ra8 32. Rb1 Kg7 33. g3 h5 34. h3 Nd7 35. Rcc1 N7b6 36. Bf3 Rcxa7 37. Nxa7 Rxa7 38. Rc2 Ra3 39. Rf2 Re3 40. Kh2 Nc4 41. Bxd5 exd5 42. Rb7 Ne5 43. Re7 Nf3+ 44. Rxf3 Rxe7 45. Rd3 Rd7 46. Rd4 Kf6 47. Kg2 Ke5 48. Rd1 d4 49. Re1+ Kd5 50. Kf2 Kc4 51. Rc1+ Kd3 52. Rd1+ Kc2 53. Ra1 d3 54. Ra2+ Kb3 55. Rd2 Kc3 56. Ke1 Re7+ 57. Kd1 Ra7 58. Ke1 Ra1+ 59. Rd1 Rxd1+ 60. Kxd1 g5 61. h4 g4 62. Kc1 d2+ 63. Kd1 f6 64. Ke2 Kc2 0-1


[Site "https://www.chess.com"]

[Event "Titled Tuesday Blitz December 20 Late 2022"]
[White "Gurevich, Dmitry"]
[Black "Gerbelli Neto, Eduardo"]
[WhiteFideId "2000407"]
[BlackFideId "2103281"]
[WhiteElo "2506"]
[BlackElo "2178"]
[Result "1-0"]
[Round "03"]
[TimeControl "180+1"]
[Date "2022.12.21"]
[WhiteClock "0:00:57"]
[BlackClock "0:00:15"]

1. d4 d5 2. c4 c6 3. cxd5 cxd5 4. Bg5 Nf6 5. Bxf6 exf6 6. Nc3 Bb4 7. e3 Qa5 8. Ne2 Nc6 9. g3 Bg4 10. Bg2 Bxe2 11. Kxe2 Bxc3 12. bxc3 Qxc3 13. Bxd5 O-O 14. Rc1 Qb2+ 15. Qd2 Qb5+ 16. Bc4 Qh5+ 17. f3 Rfe8 18. Kf2 Rad8 19. h4 f5 20. Be2 Qh6 21. Rc5 Qe6 22. Rhc1 g6 23. Bc4 Qe7 24. Bd5 f4 25. exf4 Nxd4 26. Qxd4 Qe2+ 27. Kg1 1-0


[Site "https://www.chess.com"]

[Event "Titled Tuesday Blitz December 20 Late 2022"]
[White "Guzman Moneo, Alberto"]
[Black "Richter, Paul"]
[WhiteFideId "2209616"]
[BlackFideId "2046350"]
[WhiteElo "2157"]
[BlackElo "2567"]
[Result "0-1"]
[Round "03"]
[TimeControl "180+1"]
[Date "2022.12.21"]
[WhiteClock "0:00:08"]
[BlackClock "0:00:04"]

1. Nf3 Nf6 2. g3 g6 3. Bg2 Bg7 4. O-O O-O 5. c4 d6 6. Nc3 e5 7. d3 a5 8. Rb1 c6 9. a3 Nbd7 10. b4 axb4 11. axb4 Qc7 12. b5 Nc5 13. Bb2 Bd7 14. Ra1 e4 15. Ng5 exd3 16. exd3 Bf5 17. d4 Ne6 18. Nxe6 Bxe6 19. d5 Bg4 20. Qd2 c5 21. Ne4 Nxe4 22. Bxe4 Bxb2 23. Qxb2 Rfe8 24. f3 Bh3 25. Rfe1 b6 26. Kf2 h5 27. Qf6 Rxa1 28. Rxa1 Bc8 29. Bxg6 fxg6 30. Qxg6+ Kf8 31. Qf6+ Kg8 32. Qg6+ Kf8 33. Qxh5 Qe7 34. Qh8+ Kf7 35. Qh7+ Kf8 36. Qxe7+ Kxe7 37. g4 Kf6 38. Ra8 Bd7 39. Ra6 Rb8 40. h3 Ke5 41. Ke3 Rh8 42. f4+ Kf6 43. Rxb6 Rxh3+ 44. Kf2 Bxg4 45. Rxd6+ Kf5 46. Rc6 Kxf4 47. Rxc5 Rh2+ 48. Ke1 Ke3 49. Kf1 Rd2 50. d6 Bf3 51. Re5+ Kf4 52. Re1 Kg3 53. d7 Rf2+ 54. Kg1 Rh2 0-1


[Site "https://www.chess.com"]

[Event "Titled Tuesday Blitz December 20 Late 2022"]
[White "Hambleton, Aman"]
[Black "Colpe, Malte"]
[WhiteFideId "2606577"]
[BlackFideId "24623075"]
[WhiteElo "2538"]
[BlackElo "2328"]
[Result "1-0"]
[Round "03"]
[TimeControl "180+1"]
[Date "2022.12.21"]
[WhiteClock "0:00:40"]
[BlackClock "0:00:06"]

1. d4 Nf6 2. Bf4 g6 3. Nc3 d5 4. e3 Bg7 5. h4 c5 6. Nb5 Na6 7. c3 Bf5 8. Be2 h5 9. Nf3 O-O 10. a4 cxd4 11. exd4 Ne4 12. O-O f6 13. Nd2 Qd7 14. Nxe4 Bxe4 15. Re1 e5 16. Bg3 Rae8 17. Nxa7 Bf5 18. Bb5 1-0


[Site "https://www.chess.com"]

[Event "Titled Tuesday Blitz December 20 Late 2022"]
[White "Han, Yichen"]
[Black "ChessBrah"]
[WhiteFideId "1054430"]
[WhiteElo "2323"]
[BlackElo "2885"]
[Result "0-1"]
[Round "03"]
[TimeControl "180+1"]
[Date "2022.12.21"]
[WhiteClock "0:00:02"]
[BlackClock "0:00:50"]

1. e4 c5 2. Nc3 Nc6 3. Bb5 Nd4 4. Nf3 a6 5. Bd3 e6 6. O-O Ne7 7. Re1 Nec6 8. Nd5 d6 9. Ne3 Be7 10. Bf1 O-O 11. c3 Nxf3+ 12. Qxf3 Bd7 13. Qd1 Qb6 14. b3 Rfe8 15. Bb2 Bf6 16. Ng4 Bg5 17. d4 cxd4 18. cxd4 d5 19. e5 Rac8 20. a3 Na5 21. b4 Nc4 22. Bxc4 Rxc4 23. Ne3 Rc7 24. Rc1 Rec8 25. Qd2 h5 26. g3 a5 27. bxa5 Qb3 28. Rxc7 Rxc7 29. Rc1 Rxc1+ 30. Qxc1 Qd3 31. Bc3 Bb5 32. Qd2 Qb1+ 33. Qe1 Qb3 34. Bb4 h4 35. Qd1 Qb2 36. Qd2 Qb1+ 37. Qe1 Qe4 38. gxh4 Qxh4 39. Qd1 Bf4 40. Ng4 Qh3 41. Be7 Bd3 42. f3 Bf5 43. Qe2 Bxg4 44. fxg4 Be3+ 45. Kh1 Bxd4 46. Bb4 Bxe5 47. Kg1 Bd4+ 48. Kh1 e5 49. Bd2 e4 50. a6 bxa6 51. Qxa6 Qf3# 0-1


[Site "https://www.chess.com"]

[Event "Titled Tuesday Blitz December 20 Late 2022"]
[White "Hansen, Torbjorn Ringdal"]
[Black "Gilmanov, Mansur"]
[WhiteFideId "1501720"]
[BlackFideId "4166868"]
[WhiteElo "2383"]
[BlackElo "2377"]
[Result "0-1"]
[Round "03"]
[TimeControl "180+1"]
[Date "2022.12.21"]
[WhiteClock "0:00:33"]
[BlackClock "0:00:18"]

1. e4 d5 2. exd5 Qxd5 3. Nf3 Nf6 4. d4 Bf5 5. Be2 e6 6. O-O Be7 7. c4 Qd8 8. Nc3 c6 9. Be3 O-O 10. Qd2 Ne4 11. Nxe4 Bxe4 12. Rfd1 Na6 13. a3 Nc7 14. Rac1 h6 15. Ne5 Bf6 16. Qb4 Rb8 17. h3 Re8 18. Qa5 Na6 19. Qe1 Qe7 20. Bh5 Bxe5 21. dxe5 Qh4 22. Bxa7 Ra8 23. Bb6 Bxg2 24. Bxf7+ Kxf7 25. Kxg2 Kg8 26. Rd3 Rf8 27. Rg3 Rf7 28. f3 Raf8 29. Rd1 Qxc4 30. Bf2 Qb3 31. Qe4 Qxd1 32. Qg4 Nc7 33. h4 Nd5 34. Qxe6 Nf4+ 35. Kh2 Nxe6 36. Rxg7+ Rxg7 37. Bg3 Qxf3 38. Bf2 Qg2# 0-1


[Site "https://www.chess.com"]

[Event "Titled Tuesday Blitz December 20 Late 2022"]
[White "Haszon, David"]
[Black "Marcolino, Daniel Mattos"]
[WhiteFideId "733610"]
[BlackFideId "2106841"]
[WhiteElo "2210"]
[BlackElo "2136"]
[Result "1-0"]
[Round "03"]
[TimeControl "180+1"]
[Date "2022.12.21"]
[WhiteClock "0:00:45"]
[BlackClock "0:00:09"]

1. d4 Nf6 2. Bf4 d5 3. e3 c5 4. Nd2 Nc6 5. Ngf3 Bf5 6. dxc5 a6 7. c3 Nd7 8. Nd4 Bg6 9. Nxc6 bxc6 10. Qa4 Qc8 11. b4 e5 12. Bg3 Be7 13. Be2 O-O 14. O-O a5 15. Qb3 Bf6 16. a3 Qb7 17. f4 exf4 18. exf4 h6 19. f5 Bh7 20. Rab1 axb4 21. cxb4 Rfe8 22. Bd3 Ne5 23. Bxe5 Bxe5 24. Nf3 Bf6 25. a4 Re3 26. Rfe1 Qe7 27. Kf1 Re8 28. Qc2 Qd7 29. Rxe3 Rxe3 30. Re1 Rxe1+ 31. Kxe1 Qb7 32. b5 cxb5 33. axb5 Qa8 34. c6 Qc8 35. b6 Bd8 36. c7 Bf6 37. b7 1-0


[Site "https://www.chess.com"]

[Event "Titled Tuesday Blitz December 20 Late 2022"]
[White "Hernandez Jimenez, Alexander Andres"]
[Black "Moreno Perez, Tobias Sebastian"]
[WhiteFideId "3900452"]
[BlackFideId "186716"]
[WhiteElo "2098"]
[BlackElo "2259"]
[Result "0-1"]
[Round "03"]
[TimeControl "180+1"]
[Date "2022.12.21"]
[WhiteClock "0:02:11"]
[BlackClock "0:02:58"]

1. e4 c6 2. d4 d5 3. exd5 cxd5 4. Bd3 Nc6 5. c3 Nf6 6. Bf4 Bg4 7. Qb3 Qd7 8. Nd2 e6 9. Ngf3 Bxf3 10. Nxf3 Bd6 11. O-O Bxf4 0-1


[Site "https://www.chess.com"]

[Event "Titled Tuesday Blitz December 20 Late 2022"]
[White "Holt, Conrad"]
[Black "Fiorito, Francisco"]
[WhiteFideId "2034387"]
[BlackFideId "180165"]
[WhiteElo "2592"]
[BlackElo "2348"]
[Result "1-0"]
[Round "03"]
[TimeControl "180+1"]
[Date "2022.12.21"]
[WhiteClock "0:01:48"]
[BlackClock "0:00:06"]

1. d4 Nf6 2. c4 c5 3. d5 d6 4. Nc3 g6 5. e4 Bg7 6. h3 e6 7. Nf3 O-O 8. Bd3 exd5 9. cxd5 b5 10. Bxb5 Nxe4 11. Nxe4 Qa5+ 12. Nfd2 Qxb5 13. Nxd6 Qd7 14. N2c4 Ba6 15. O-O Rd8 16. Re1 Bd4 17. Qf3 Bxc4 18. Nxc4 Na6 19. d6 Nb4 20. Re7 Qf5 21. Qxf5 gxf5 22. Bh6 Nd3 23. Rd1 Nxb2 24. Rxd4 cxd4 25. Nxb2 Rxd6 26. Bf4 Re6 27. Rd7 Re4 28. g3 a5 29. Nc4 Rc8 30. Nd2 Re1+ 31. Kg2 Ra1 32. Nb3 Rxa2 33. Nxd4 a4 34. Nxf5 Re8 35. Nh6+ Kg7 36. Rxf7+ Kg6 37. Ra7 Ree2 38. Ra6+ Kh5 39. g4+ Kh4 40. Nf5# 1-0


[Site "https://www.chess.com"]

[Event "Titled Tuesday Blitz December 20 Late 2022"]
[White "Horvath, Dominik"]
[Black "benny_aizenberg"]
[WhiteFideId "1642561"]
[WhiteElo "2405"]
[BlackElo "2426"]
[Result "1-0"]
[Round "03"]
[TimeControl "180+1"]
[Date "2022.12.21"]
[WhiteClock "0:01:04"]
[BlackClock "0:01:08"]

1. e4 c5 2. c3 Nf6 3. e5 Nd5 4. Bc4 Nb6 5. Bb3 d5 6. exd6 Qxd6 7. Na3 e6 8. Nf3 Be7 9. d4 O-O 10. O-O Nc6 11. Be3 cxd4 12. Nb5 Qd8 13. Nbxd4 Bd7 14. Qe2 Na5 15. Bc2 Nac4 16. Bc1 Rc8 17. Qe4 g6 18. Rd1 Qc7 19. Bf4 Qc5 20. Rab1 Nd5 21. Bh6 Rfd8 22. Nb3 Qb6 23. Rxd5 exd5 24. Qxe7 Bg4 25. Ne5 Re8 26. Qxf7+ 1-0


[Site "https://www.chess.com"]

[Event "Titled Tuesday Blitz December 20 Late 2022"]
[White "Ibadov, Dashgyn"]
[Black "gshwbedhkhd"]
[WhiteFideId "24107514"]
[WhiteElo "2208"]
[BlackElo "2590"]
[Result "1-0"]
[Round "03"]
[TimeControl "180+1"]
[Date "2022.12.21"]
[WhiteClock "0:00:48"]
[BlackClock "0:00:06"]

1. d4 f5 2. c4 Nf6 3. Nc3 g6 4. Bg5 Bg7 5. h4 h6 6. Bd2 Nc6 7. h5 g5 8. e3 d6 9. d5 Ne5 10. Nf3 O-O 11. Qc2 Neg4 12. Bd3 Nh7 13. Nd4 Qe8 14. f3 Ne5 15. Bxf5 Bxf5 16. Nxf5 Nxc4 17. Nxg7 Kxg7 18. Ne4 Ne5 19. Bc3 Nf6 20. O-O-O Ned7 21. f4 g4 22. Rh4 Kg8 23. Nxf6+ Nxf6 24. Bxf6 Rxf6 25. Rxg4+ Kh8 26. Rg6 c6 27. Kb1 cxd5 28. Rxf6 exf6 29. Qf5 Qxe3 30. Qxf6+ Kh7 31. Qg6+ Kh8 32. Qxh6+ Kg8 33. Qg6+ Kh8 34. Qh6+ Kg8 35. Qxd6 Qe4+ 36. Ka1 Rc8 37. a3 Rc2 38. Qxd5+ Qxd5 39. Rxd5 Kh7 40. Rd7+ Kh6 41. Rxb7 Kxh5 42. Rxa7 Rxg2 43. Ra4 Kg4 44. Rb4 Re2 45. Ka2 Kf5 46. a4 Re7 47. Rd4 Ra7 48. Ka3 Rb7 49. b4 Ke6 50. b5 Rc7 51. Kb4 Rc1 52. a5 Rb1+ 53. Kc5 Ra1 54. a6 Rc1+ 55. Kb6 Rb1 56. a7 Ra1 57. Rd8 Kf5 58. a8=Q Rxa8 59. Rxa8 Kxf4 60. Re8 Kg3 61. Kc7 Kh3 62. b6 1-0


[Site "https://www.chess.com"]

[Event "Titled Tuesday Blitz December 20 Late 2022"]
[White "Ivanov, Mike"]
[Black "Fernandez De La Vara, Arnaldo"]
[WhiteFideId "2613158"]
[BlackFideId "3518388"]
[WhiteElo "2237"]
[BlackElo "2387"]
[Result "0-1"]
[Round "03"]
[TimeControl "180+1"]
[Date "2022.12.21"]
[WhiteClock "0:00:03"]
[BlackClock "0:00:13"]

1. e4 c5 2. Nf3 e6 3. d4 cxd4 4. Nxd4 a6 5. Bd3 Qc7 6. O-O Nf6 7. f4 d6 8. c4 Nbd7 9. Nc3 g6 10. Be3 Bg7 11. Rc1 O-O 12. Kh1 Re8 13. Qf3 b6 14. e5 dxe5 15. fxe5 Bb7 16. Qg3 Qxe5 17. Qxe5 Nxe5 18. Be2 Rac8 19. b3 Ned7 20. Na4 Ne4 21. Bf3 Nec5 22. Bxb7 Nxb7 23. Rfd1 Nbc5 24. Nf3 Bf8 25. Kg1 f6 26. Kf2 Kf7 27. Nc3 Red8 28. b4 Nb7 29. Na4 Bxb4 30. Nxb6 Nxb6 31. Rxd8 Rxd8 32. Bxb6 Bc5+ 33. Bxc5 Nxc5 34. Rc2 e5 35. Ke3 Rd3+ 36. Ke2 Ra3 37. Rb2 g5 38. h3 Kg6 39. Kf1 h5 40. Rb6 Kf5 41. Rb2 g4 42. hxg4+ hxg4 43. Nh4+ Kg5 44. g3 Ne4 45. Ng2 Nxg3+ 46. Kf2 Ne4+ 47. Kg1 f5 48. Rc2 Rc3 49. Rxc3 Nxc3 50. Kf2 f4 51. a3 e4 52. c5 e3+ 53. Ke1 Kf5 54. c6 Nd5 55. Nh4+ Ke4 56. Ng6 f3 57. Nf8 g3 58. Ne6 g2 59. Ng5+ Kf4 60. Nh3+ Kg3 61. c7 0-1


[Site "https://www.chess.com"]

[Event "Titled Tuesday Blitz December 20 Late 2022"]
[White "Jimenez Almeida, Luis David"]
[Black "Piliczewski, Bogusz"]
[WhiteFideId "22242244"]
[BlackFideId "1104144"]
[WhiteElo "2158"]
[BlackElo "1896"]
[Result "1-0"]
[Round "03"]
[TimeControl "180+1"]
[Date "2022.12.21"]
[WhiteClock "0:00:21"]
[BlackClock "0:00:02"]

1. e4 c6 2. Nc3 d5 3. Qf3 Nf6 4. e5 Nfd7 5. d4 e6 6. Nh3 h6 7. Nf4 Nb6 8. Bd3 c5 9. dxc5 Bxc5 10. Nh5 g6 11. Nf6+ Kf8 12. h4 h5 13. Bg5 Qc7 14. O-O-O Qxe5 15. Bxg6 Kg7 16. Bxf7 Kxf7 17. Nd7+ Qf5 18. Qxf5+ exf5 19. Nxc5 Nc6 20. Rhe1 d4 21. Nb5 Nd7 22. Nd6+ Kg6 23. Ne6 Nde5 24. Nf4+ Kg7 25. Nd5 Rf8 26. f4 Ng4 27. Ne7 Ne3 28. Nexc8 Nxd1 29. Kxd1 Raxc8 30. Nxc8 Rxc8 31. Re6 Rf8 32. Bh6+ Kf7 33. Rxc6 1-0


[Site "https://www.chess.com"]

[Event "Titled Tuesday Blitz December 20 Late 2022"]
[White "Kazakouski, Valery"]
[Black "Zhukov, Maksim"]
[WhiteFideId "13507443"]
[BlackFideId "34181790"]
[WhiteElo "2516"]
[BlackElo "1929"]
[Result "1-0"]
[Round "03"]
[TimeControl "180+1"]
[Date "2022.12.21"]
[WhiteClock "0:00:24"]
[BlackClock "0:00:19"]

1. Nf3 Nf6 2. c4 g6 3. g3 Bg7 4. Bg2 O-O 5. O-O d6 6. d4 Nc6 7. Nc3 e5 8. dxe5 Nxe5 9. b3 Nfd7 10. Bb2 Nxf3+ 11. Bxf3 Nc5 12. Qd2 Bh3 13. Rfd1 a5 14. Nd5 Be6 15. Bxg7 Kxg7 16. Qc3+ f6 17. Nf4 Bd7 18. a3 Rb8 19. b4 axb4 20. axb4 Ne6 21. Nd5 Bc6 22. h4 g5 23. Bg4 Re8 24. b5 Bxd5 25. cxd5 Nc5 26. hxg5 Re5 27. f4 Re8 28. Kg2 Qe7 29. Rh1 Qe4+ 30. Bf3 Qg6 31. gxf6+ Kf8 32. Rh3 Ne4 33. Qxc7 Nxf6 34. Qxd6+ Kg8 35. Rah1 Rbc8 36. Rh6 Rxe2+ 37. Bxe2 Qe4+ 38. Bf3 Rc2+ 39. Kh3 Qxf3 40. Qe6+ Kg7 41. Qxf6+ Kg8 42. Qe6+ Kg7 43. Qe5+ Kxh6 44. Qg5# 1-0


[Site "https://www.chess.com"]

[Event "Titled Tuesday Blitz December 20 Late 2022"]
[White "Keymer, Vincent"]
[Black "UnknownMagician"]
[WhiteFideId "12940690"]
[WhiteElo "2600"]
[BlackElo "2635"]
[Result "1-0"]
[Round "03"]
[TimeControl "180+1"]
[Date "2022.12.21"]
[WhiteClock "0:00:37"]
[BlackClock "0:00:42"]

1. Nf3 Nf6 2. c4 c6 3. Nc3 d5 4. e3 e6 5. b3 Nbd7 6. Bb2 Bd6 7. Qc2 Qe7 8. Be2 O-O 9. O-O a6 10. d4 e5 11. dxe5 Nxe5 12. cxd5 cxd5 13. Rfd1 Bg4 14. Nd4 Rac8 15. Nf5 Bxf5 16. Qxf5 g6 17. Qg5 Qe6 18. Rac1 Rc6 19. Qh4 Rfc8 20. h3 Bb4 21. Qxb4 1-0


[Site "https://www.chess.com"]

[Event "Titled Tuesday Blitz December 20 Late 2022"]
[White "Kirillov, Dmitry"]
[Black "Tarnowska, Aleksandra"]
[WhiteFideId "34180572"]
[BlackFideId "1180967"]
[WhiteElo "2111"]
[BlackElo "1776"]
[Result "0-1"]
[Round "03"]
[TimeControl "180+1"]
[Date "2022.12.21"]
[WhiteClock "0:00:03"]
[BlackClock "0:00:03"]

1. e4 c5 2. Nc3 d6 3. f4 Nc6 4. Nf3 g6 5. Bc4 Bg7 6. d3 Nf6 7. O-O O-O 8. h3 e6 9. Bb3 d5 10. e5 Nd7 11. Ne2 b5 12. c3 Nb6 13. Be3 c4 14. Bc2 cxd3 15. Bxd3 Nc4 16. Bc1 b4 17. b3 Nb6 18. cxb4 Nxb4 19. Ba3 a5 20. Ned4 Nd7 21. Rf2 Nc5 22. Bc2 Ba6 23. Rd2 Qb6 24. Kh1 Rfc8 25. g4 Nxc2 26. Rxc2 Ne4 27. Rac1 Rc3 28. Qe1 Rxc2 29. Rxc2 Bd3 30. Rc6 Qb7 31. Qc1 h6 32. Bd6 a4 33. Rc7 Qa6 34. b4 Bc4 35. Bc5 Bxa2 36. Bd6 Bc4 37. Be7 a3 38. Bf6 a2 39. Qa1 Qa3 40. Bxg7 Kxg7 41. Nxe6+ Kg8 42. Nd8 Qxf3+ 43. Kh2 Qf2+ 44. Kh1 Ng3# 0-1


[Site "https://www.chess.com"]

[Event "Titled Tuesday Blitz December 20 Late 2022"]
[White "Kleiman, Jake"]
[Black "Akrakan"]
[WhiteFideId "2020041"]
[WhiteElo "2641"]
[BlackElo "2107"]
[Result "1-0"]
[Round "03"]
[TimeControl "180+1"]
[Date "2022.12.21"]
[WhiteClock "0:02:39"]
[BlackClock "0:02:07"]

1. Nf3 d5 2. g3 Nf6 3. Bg2 g6 4. O-O Bg7 5. d3 O-O 6. Nbd2 c5 7. e4 e6 8. Re1 Nc6 9. exd5 exd5 10. Nb3 b6 11. d4 c4 12. Nbd2 Bb7 13. c3 Re8 14. Ne5 Nxe5 15. dxe5 Nd7 16. Nxc4 dxc4 17. Bxb7 Rb8 18. Bc6 Re7 19. Bg5 Qc7 20. Bxe7 Qxc6 21. Qd6 Rc8 22. Qxc6 Rxc6 23. f4 Re6 24. Ba3 g5 25. Rad1 1-0


[Site "https://www.chess.com"]

[Event "Titled Tuesday Blitz December 20 Late 2022"]
[White "Kohler, Aran"]
[Black "Melkumyan, Hrant"]
[WhiteFideId "1002856"]
[BlackFideId "13302485"]
[WhiteElo "2334"]
[BlackElo "2604"]
[Result "0-1"]
[Round "03"]
[TimeControl "180+1"]
[Date "2022.12.21"]
[WhiteClock "0:00:13"]
[BlackClock "0:01:35"]

1. e4 e6 2. d4 d5 3. Nc3 Bb4 4. Bd2 Bxc3 5. Bxc3 dxe4 6. Qg4 Nf6 7. Qxg7 Rg8 8. Qh6 Nbd7 9. O-O-O Nb6 10. f3 Nbd5 11. Bd2 e3 12. Bxe3 Rg6 13. Qh4 Nxe3 14. Re1 Nxf1 15. Rxf1 Rxg2 16. Nh3 Nd7 17. Qxh7 Qf6 18. Rhg1 Nf8 19. Qe4 Qh6+ 20. Nf4 Rxg1 21. Rxg1 Ng6 22. Rxg6 fxg6 23. Kb1 Qxh2 24. Qxg6+ Kd7 25. Qf7+ Kc6 26. Nd3 Qg1+ 27. Nc1 Qxd4 28. a4 Bd7 29. Nd3 Rh8 30. f4 Rh1+ 31. Ka2 Qxa4# 0-1


[Site "https://www.chess.com"]